 Dungeon Crawl Stone Soup version 0.22.0-49-gab54619 (webtiles) character file.

3659 calake the Grappler (level 9, -5/86 (88) HPs)
             Began as a Troll Hunter on Sept 5, 2018.
             Was a Believer of Cheibriados.
             Slain by a hippogriff (7 damage)
             ... on level 8 of the Dungeon.
             The game lasted 01:05:35 (6405 turns).

calake the Grappler (Troll Hunter)                  Turns: 6405, Time: 01:05:36

HP:   -5/86 (88)    AC:  5    Str: 30    XL:     9   Next: 89%
MP:   17/17         EV: 13    Int: 12    God:    Cheibriados [**....]
Gold: 497           SH:  3    Dex: 15    Spells: 8/8 levels left

rFire    . . .     SeeInvis .     - Unarmed
rCold    . . .     Gourm    +   (no shield)
rNeg     . . .     Faith    .   b - +0 robe
rPois    .         Spirit   .   (helmet restricted)
rElec    .         Reflect  +   A - scarf {cloud immunity}
rCorr    .         Harm     .   (gloves unavailable)
MR       .....                  (boots unavailable)
Stlth    ++........             m - +3 amulet of reflection
HPRegen  0.64/turn              w - ring of magical power
MPRegen  0.15/turn              (no ring)

@: very slow
A: large, unfitting armour, claws 3, fast metabolism 3, gourmand, regeneration
1, shaggy fur 1, tough skin 2
a: Bend Time, Renounce Religion


You were on level 8 of the Dungeon.
You worshipped Cheibriados.
Cheibriados was pleased with you.
You were completely stuffed.

You visited 1 branch of the dungeon, and saw 8 of its levels.

You collected 497 gold pieces.

Inventory:

Missiles
 a - 145 stones
 c - 3 large rocks (quivered)
 d - 2 throwing nets
 y - 4 tomahawks
Armour
 b - a +0 robe (worn)
 A - a scarf of cloud immunity (worn)
Jewellery
 m - a +3 amulet of reflection (around neck)
 w - a ring of magical power (left claw)
Scrolls
 e - 3 scrolls of remove curse
 g - a scroll of immolation {unknown}
 h - 3 scrolls of teleportation
 j - 4 scrolls of identify
 k - a scroll of fog {unknown}
 q - a scroll of amnesia {unknown}
 s - 4 scrolls of enchant weapon
 u - 2 scrolls of blinking
 v - a scroll of magic mapping {unknown}
 z - a scroll of noise {unknown}
 D - a scroll of random uselessness {unknown}
Potions
 i - a potion of agility {unknown}
 n - 4 potions of lignification
 p - a potion of mutation {unknown}
 r - a potion of berserk rage {unknown}
 t - a potion of resistance
 x - 2 potions of curing
 C - a potion of invisibility {unknown}
Comestibles
 f - 16 rations


   Skills:
 + Level 5.5 Fighting
 + Level 6.8 Throwing
 + Level 5.4 Dodging
 - Level 0.3 Stealth
 * Level 9.0 Unarmed Combat


You had 8 spell levels left.
You didn't know any spells.
Your spell library contained the following spells:

 Spells                   Type           Power        Failure   Level  Hunger
 Confusing Touch          Hex            #.....       32%         1    ##.....
 Magic Dart               Conj           #...         32%         1    ##.....
 Blink                    Tloc           N/A          45%         2    ###....
 Call Imp                 Summ           #.......     45%         2    ###....
 Slow                     Hex            #.......     45%         2    ###....
 Confuse                  Hex            #.......     69%         3    ####...
 Conjure Flame            Conj/Fire      #.......     69%         3    ####...
 Gell's Gravitas          Tloc           #.........   69%         3    ####...
 Mephitic Cloud           Conj/Pois/Air  #.......     69%         3    ####...
 Petrify                  Tmut/Erth      #.......     97%         4    #####..
 Metabolic Englaciation   Hex/Ice        #.........   100%        5    ######.
 Yara's Violent Unravell  Hex/Tmut       #.........   100%        5    ######.


Dungeon Overview and Level Annotations

Branches:
Dungeon (8/15)             Temple (0/1) D:7
   Lair: D:8-11

Altars:
Ashenzari
Cheibriados
Kikubaaqudgha
Makhleb
Okawaru
Ru
Uskayaw
Vehumet
Wu Jian
Yredelemnul
Zin

Annotations:
D:8 1 transporter, yogakurto's ghost, novice OpFi


Innate Abilities, Weirdness & Mutations

You are too large for most types of armour.
You have claws for hands.
Your metabolism is lightning-fast.
You like to eat raw meat.
Your natural rate of healing is unusually fast.
You are covered in fur. (AC +1)
You have very tough skin. (AC +2)


Message History

* * * LOW HITPOINT WARNING * * *
As you read the scroll of teleportation, it crumbles to dust.
You feel strangely unstable. The mummy barely misses you.
The necrophage hits you!
* * * LOW HITPOINT WARNING * * *
You feel your flesh rotting away!
The vampire is infused with unholy energy.
* * * LOW HITPOINT WARNING * * *
The vampire draws life force from you and is healed!
Yogakurto's ghost wails, "To die, to sleep, no more."
Yogakurto's ghost barely misses you.
Okay, then.
The vampire is infused with unholy energy.
* * * LOW HITPOINT WARNING * * *
The vampire draws life force from you and is healed!
The necrophage hits you.
* * * LOW HITPOINT WARNING * * *
Your surroundings suddenly seem different.
The hippogriff barely misses you. x2; The hippogriff claws you!
You die...

.###..#.#
.#8#..#.##
V....(#..#
n....$#©..
W..../#...
.#8#..#.## #
.###..#.# #.####
.. .#.# #..>H# ..
.#.# #@# ## #.#
#.# ... ./#### #.#
# ..# #.# #### #.#
#.# .... #.# #.#
#... #.# #.# ...#
#.# #.#
#.#######.#####.##


You could see a hippogriff.

Vanquished Creatures
  The ghost of Ymberto the Changer, a novice NaTm (D:4)
  The ghost of Shinoi the Covert, a novice VSAs (D:6)
  3 sky beasts
  An orc warrior (D:6)
  6 ogres
  A phantom (D:7)
  3 centaurs
  A crocodile (D:7)
  2 big kobolds (D:7)
  3 bullfrogs
  A wyvern skeleton (D:7)
  A water moccasin skeleton (D:7)
  2 scorpions (D:5)
  A howler monkey (D:7)
  2 crimson imps
  A bullfrog zombie (D:7)
  A centaur zombie (D:7)
  3 hounds
  A jelly (D:5)
  3 orc wizards
  An orc priest (D:7)
  A bullfrog skeleton (D:7)
  A centaur skeleton (D:7)
  An iguana (D:4)
  Natasha (thrice) (D:2)
  3 worker ants
  Terence (D:3)
  A hound skeleton (D:5)
  15 gnolls
  A howler monkey skeleton (D:4)
  16 adders
  4 shadow imps
  2 oozes
  An adder zombie (D:5)
  An adder skeleton (D:6)
  4 worms
  A dart slug (D:1)
  4 leopard geckos
  21 orcs
  8 bats
  7 giant cockroaches
  10 hobgoblins
  6 jackals
  17 kobolds
  6 quokkas
  2 ball pythons (D:1)
  2 frilled lizards (D:3)
  8 goblins
  A jackal skeleton (D:7)
  2 leopard gecko skeletons (D:4)
  A quokka zombie (D:5)
  5 rats
195 creatures vanquished.

Vanquished Creatures (others)
  A centaur (D:5)
  An orc wizard (D:5)
2 creatures vanquished.

Grand Total: 197 creatures vanquished

Notes
Turn   | Place    | Note
-------+----------+-------------------------------------------
     0 | D:1      | calake the Troll Hunter began the quest for the Orb.
     0 | D:1      | Reached XP level 1. HP: 19/19 MP: 0/0
   141 | D:1      | Reached XP level 2. HP: 28/28 MP: 1/1
   143 | D:1      | Reached skill level 1 in Unarmed Combat
   415 | D:1      | Reached XP level 3. HP: 33/35 MP: 2/2
   754 | D:2      | Found a glowing silver altar of Zin.
   891 | D:2      | Reached skill level 2 in Unarmed Combat
   956 | D:2      | Found an ornate altar of the Wu Jian Council.
  1023 | D:2      | Noticed Natasha
  1039 | D:2      | Killed Natasha
  1039 | D:2      | Reached XP level 4. HP: 41/42 MP: 3/3
  1071 | D:2      | Noticed Natasha
  1085 | D:2      | Killed Natasha
  1101 | D:2      | Found a basalt altar of Yredelemnul.
  1175 | D:2      | Found a shattered altar of Ashenzari.
  1234 | D:2      | Found a radiant altar of Vehumet.
  1270 | D:2      | Noticed Natasha
  1312 | D:2      | Killed Natasha
  1312 | D:2      | Reached XP level 5. HP: 42/50 MP: 4/4
  1394 | D:2      | Found an ancient bone altar of Kikubaaqudgha.
  1669 | D:3      | Reached skill level 3 in Unarmed Combat
  1687 | D:3      | You fall through a shaft!
  1729 | D:5      | Entered Level 5 of the Dungeon
  1836 | D:4      | Reached XP level 6. HP: 35/59 MP: 5/5
  2144 | D:4      | Reached skill level 4 in Unarmed Combat
  2556 | D:3      | Found an iron altar of Okawaru.
  2707 | D:3      | Noticed Terence
  2710 | D:3      | Killed Terence
  3187 | D:4      | Reached XP level 7. HP: 59/67 MP: 6/6
  3385 | D:4      | Found a runed door.
  3393 | D:4      | Noticed Ymberto's ghost (novice NaTm)
  3400 | D:4      | Killed Ymberto's ghost
  3400 | D:4      | Reached skill level 5 in Throwing
  3400 | D:4      | Reached skill level 5 in Unarmed Combat
  3795 | D:5      | Reached XP level 8. HP: 48/78 MP: 7/7
  3941 | D:5      | Reached skill level 6 in Unarmed Combat
  4335 | D:5      | Found a sacrificial altar of Ru.
  4800 | D:6      | Found a hide-covered altar of Uskayaw.
  4820 | D:6      | Noticed a dagger
  4821 | D:6      | Noticed a hand axe
  4837 | D:6      | Found a burning altar of Makhleb.
  5020 | D:6      | Reached skill level 7 in Unarmed Combat
  5208 | D:6      | Found a snail-covered altar of Cheibriados.
  5213 | D:6      | Found a runed door.
  5214 | D:6      | Became a worshipper of Cheibriados the Contemplative
  5220 | D:6      | Noticed Shinoi's ghost (novice VSAs)
  5234 | D:6      | Reached XP level 9. HP: 81/85 MP: 8/8
  5243 | D:6      | Killed Shinoi's ghost
  5553 | D:7      | Reached * piety under Cheibriados
  5553 | D:7      | Reached skill level 8 in Unarmed Combat
  5557 | D:7      | Reached skill level 5 in Fighting
  5650 | D:7      | Reached skill level 5 in Dodging
  5709 | D:7      | Found a staircase to the Ecumenical Temple.
  5972 | D:7      | Reached ** piety under Cheibriados
  6312 | D:8      | Reached skill level 9 in Unarmed Combat
  6384 | D:8      | Noticed yogakurto's ghost (novice OpFi)
  6385 | D:8      | Found a transporter.
  6391 | D:8      | Found a transporter.
  6404 | D:8      | HP: 4/86 [vampire/vampiric draining (10)]
  6404 | D:8      | HP: 1/86 [necrophage (3)]
  6405 | D:8      | Slain by a hippogriff

Skill      XL: |  1  2  3  4  5  6  7  8  9 |
---------------+----------------------------+-----
Unarmed Combat | 1 2 3 4 5 7 9 |  9.0
Dodging        | 2 3 4 5 |  5.4
Fighting       | 2 3 4 5 |  5.5
Throwing       | 4 5 6 |  6.8
Stealth        | |  0.3

Action                   |  1- 3 |  4- 6 |  7- 9 || total
-------------------------+-------+-------+-------++-------
Melee: Unarmed           |   109 |   187 |   238 ||   534
       Punch             |       |     2 |     9 ||    11
Throw: Large rock        |     1 |     3 |    20 ||    24
       Stone             |     6 |    10 |   193 ||   209
       Tomahawk          |       |       |     2 ||     2
  Use: Scroll            |       |     2 |    10 ||    12
 Stab: Sleeping          |       |     1 |       ||     1
  Eat: Chunk             |    15 |    18 |    29 ||    62
Armor: Robe              |    44 |    43 |    53 ||   140
Dodge: Dodged            |    51 |   100 |   101 ||   252
Block: Other             |       |    20 |    27 ||    47
       Reflection        |       |       |     3 ||     3
